 Dungeon Crawl Stone Soup version 0.30.1-9-gdf580d7c3d (webtiles) character file.

Game seed: 1436996218532131025

153 Klatu the Chopper (level 5, -14/67 HPs)
             Began as a Minotaur Delver on Oct 13, 2023.
             Engulfed by a cloud of flame (18 damage)
             ... on level 5 of the Dungeon.
             The game lasted 00:09:53 (588 turns).

Klatu the Chopper (Minotaur Delver)                  Turns: 588, Time: 00:09:53

Health: -14/67     AC: 22    Str: 19    XL:     5   Next: 12%
Magic:  4/4        EV:  2    Int:  7    God:
Gold:   30         SH:  5    Dex: 11    Spells: 4/4 levels left

rFire   . . .        a - +0 hand axe
rCold   . . .        (no shield)
rNeg    . . .        i - melded +0 chain mail
rPois   +            (helmet currently unavailable)
rElec   .            (cloak currently unavailable)
rCorr   .            (gloves currently unavailable)
SInv    .            (boots currently unavailable)
Will    .....        j - amulet of reflection
Stlth   ++           (no ring)
HPRegen 0.31/turn    (no ring)
MPRegen 0.09/turn

%: reflection
@: tree-form
A: stationary, stasis, torment immunity, boosted hp, (horns 2), (retaliatory
headbutt)
a: no special abilities


You were on level 5 of the Dungeon.
You were a tree.
You visited 1 branch of the dungeon, and saw 2 of its levels.

You collected 30 gold pieces.

Inventory:

Hand Weapons
 a - a +0 hand axe (weapon)
Armour
 b - a +0 leather armour
 i - a +0 chain mail (melded)
Jewellery
 j - an amulet of reflection (around neck)
Wands
 g - a wand of digging (3)
Scrolls
 c - a scroll of fog
 d - a scroll of magic mapping


   Skills:
 - Level 3.6 Fighting
 + Level 6.5 Axes
 - Level 2.1 Dodging
 - Level 4.1 Stealth


You had 4 spell levels left.
You didn't know any spells.
Your spell library contained the following spells:

 Spells                   Type           Power      Damage    Failure   Level
 Simulacrum               Ice/Necr       0%         N/A       100%        6
 Ozocubu's Refrigeration  Ice            0%         4d7       100%        7
 Polar Vortex             Ice            0%         N/A       100%        9


Dungeon Overview and Level Annotations

Branches:
Dungeon (5/15)
 Temple: D:4-7

Altars:

Annotations:
D:4 1 exclusion, Menkaure
D:5 exclusions: door, upstairs and 4 more exclusions, Eustachio


Innate Abilities, Weirdness & Mutations

You are a tree.
Your roots penetrate the ground, keeping you stationary.
You cannot be teleported.
You are immune to unholy pain and torment.
Your maximum health is greatly increased.
Your equipment is partially melded.
((You have a pair of horns on your head.))
((You reflexively headbutt those who attack you in melee.))


Message History

The creatures around you are filled with an inner flame!
It was a scroll of immolation.
As you read the scroll labelled PELLUEMIXIG, it crumbles to dust.
It is a scroll of identify.
k - a potion of lignification Throw: 3 darts (poison)
Press: ? - help, Q - select action Shift-Dir - straight line, f - ogre
Aim: an ogre, wielding a +0 giant club (inner flame, 72% to hit)
You throw a poisoned dart. The poisoned dart hits the ogre.
Throw: 2 darts (poison)
Press: ? - help, Q - select action Shift-Dir - straight line, f/p - ogre
Aim: an ogre, wielding a +0 giant club (inner flame, 72% to hit)
You throw a poisoned dart. The poisoned dart hits the ogre.
The ogre is poisoned.
Throw: dart (poison)
Press: ? - help, Q - select action Shift-Dir - straight line, f/p - ogre
Aim: an ogre, wielding a +0 giant club (inner flame, poisoned, 72% to hit)
You throw a poisoned dart.
The poisoned dart barely misses the ogre.
Flame seeps out of the ogre.
The ogre is engulfed in blazing flames.
Flame seeps out of the ogre.
Really quaff the potion of lignification?
You turn into a tree.
Your +0 chain mail melds into your body.
Your roots penetrate the ground.
The ogre hits you with a +0 giant club!
You hit the ogre.
Flame seeps out of the ogre.
The ogre is almost dead.
Flame seeps out of the ogre.
The ogre is engulfed in blazing flames.
The ogre explodes!
The fiery explosion engulfs you!!
* * * LOW HITPOINT WARNING * * *
Your Axes skill increases to level 6!
You have reached level 5!
You are engulfed in blazing flames.
* * * LOW HITPOINT WARNING * * *
You are engulfed in blazing flames.
* * * LOW HITPOINT WARNING * * *
You are engulfed in blazing flames.
You are engulfed in blazing flames.
You die...

#..#.....
####..###.#.
###...........
#..)....####..
#.#+##.######
#.............
#......######.
#......#
#§♣....#
#§)§...#
#§.§...#
..(....# ...
#..(#####
..... #...#
#..... #...#
#..... #.?.#
#.....
########.....


There were no monsters in sight!

Vanquished Creatures
  An ogre (D:5)
  A hound (D:5)
  3 adders
  3 orcs (D:4)
  A ball python (D:4)
  2 goblins
  3 hobgoblins (D:4)
  2 quokkas
16 creatures vanquished.

Notes
Turn   | Place    | Note
-------+----------+-------------------------------------------
     0 | D:5      | Klatu the Minotaur Delver began the quest for the Orb.
     0 | D:5      | Reached XP level 1. HP: 19/19 MP: 0/0
    82 | D:5      | Reached skill level 3 in Axes
    82 | D:5      | Reached XP level 2. HP: 23/26 MP: 1/1
   289 | D:5      | Reached skill level 4 in Axes
   319 | D:5      | Reached XP level 3. HP: 31/31 MP: 2/2
   338 | D:4      | Reached skill level 5 in Axes
   345 | D:4      | Noticed Menkaure
   402 | D:4      | Reached XP level 4. HP: 37/39 MP: 3/3
   419 | D:4      | Noticed a scorpion
   495 | D:5      | Noticed Eustachio
   577 | D:5      | Noticed an ogre
   584 | D:5      | Killed an ogre
   585 | D:5      | Reached skill level 6 in Axes
   585 | D:5      | Reached XP level 5. HP: 18/45 MP: 4/4
   586 | D:5      | HP: 3/67 [cloud of flame (6)]
   588 | D:5      | Engulfed by a cloud of flame

Illustrated notes

Levels and vault maps discovered:
D:4:      layout_basic, minmay_temple_entry_glassed_door, serial_shops,
          shop_statue, dreamdust_princess_bridge, dk_vineyard_2, uniq_edmund,
          uniq_menkaure
D:5:      layout_basic, eino_curves_03, minmay_manual_monstrance, uniq_eustachio

Skill      XL: |  1  2  3  4 |
---------------+-------------+-----
Axes           | 3 4 5 6 |  6.5
Fighting       | |  3.6
Dodging        | |  2.1
Stealth        | |  4.1

Action                     |  1- 3 |  4- 6 || total
---------------------------+-------+-------++-------
  Melee: Hand axe          |    51 |     6 ||    57
         Headbutt          |    10 |       ||    10
  Throw: Dart              |       |     3 ||     3
    Use: Potion            |     1 |     1 ||     2
         Scroll            |       |     4 ||     4
 Armour: Chain mail        |    21 |     2 ||    23
         Skin              |       |     1 ||     1
  Dodge: Dodged            |    15 |     2 ||    17
  Block: Other             |    10 |       ||    10
         Reflection        |     1 |       ||     1
